 Dungeon Crawl Stone Soup version 0.28-a0-1387-g3a22ab9bdc (webtiles) character file.

Game seed: 7248693447892375058

129154 fragbeetle the Spear-Bearer (level 16, 0/161 HPs)
             Began as a Troll Berserker on Jan 2, 2022.
             Was a High Priest of Trog.
             Succumbed to an emperor scorpion's poison
             ... on level 3 of the Lair of Beasts on Jan 3, 2022.
             The game lasted 02:48:17 (27703 turns).

fragbeetle the Spear-Bearer (Troll Berserker)      Turns: 27703, Time: 02:48:18

Health: 0/161      AC: 19    Str: 31    XL:     16   Next: 50%
Magic:  15/15      EV:  7    Int:  7    God:    Trog [*****.]
Gold:   1445       SH:  0    Dex: 17    Spells: 15/15 levels left

rFire   + + +      SeeInvis +   A - +5 trident "Maenous" {spect, Dex+4}
rCold   + + .      Faith    .   (no shield)
rNeg    . . .      Spirit   .   G - +1 gold dragon scales of Old and Reckless {Fly rElec rPois rF+ rC+ rCorr Dex-2}
rPois   +          Reflect  .   (helmet restricted)
rElec   +          Harm     .   Y - scarf {rC+ rF+}
rCorr   +          Rampage  .   (gloves unavailable)
Will    ++...                   (boots unavailable)
Stlth   ..........              W - amulet "Woill" {RegenMP Will+}
HPRegen 1.16/turn               f - ring of see invisible
MPRegen 0.54/turn               E - ring of the Ladybird {rF+ Dex+6}

@: lethally poisoned (0 -> -20), flying, studying Ice Magic
A: large, unfitting armour, claws 3, regeneration 1, shaggy fur 1, tough skin 1
a: Renounce Religion, Berserk, Trog's Hand, Brothers in Arms


You were on level 3 of the Lair of Beasts.
You worshipped Trog.
Trog was extremely pleased with you.
You visited 6 branches of the dungeon, and saw 26 of its levels.
You also visited: Bailey and Ice Cave.

You collected 2269 gold pieces.
You spent 824 gold pieces at shops.

Inventory:

Hand Weapons
 b - the +3 giant spiked club "Femouske" {flame, rN+}
   (Trog gifted it to you on level 14 of the Dungeon)

   It burns those it strikes, dealing additional fire damage.
   rN:        It protects you from negative energy.
 n - a +1 halberd of flaming
 A - the +5 trident "Maenous" (weapon) {spect, Dex+4}
   (You found it on level 5 of the Dungeon)

   When its wielder attacks, the weapon's spirit leaps out and strikes again.
   The spirit shares a part of any damage it takes with its wielder.
   Dex:       It affects your dexterity (+4).
 F - a +3 vorpal giant club
Missiles
 a - 50 large rocks (quivered)
 o - 2 curare-tipped darts
 r - 61 poisoned darts
 v - 6 atropa-tipped darts
 w - 2 boomerangs of dispersal
 B - 6 boomerangs
 D - 3 throwing nets
 N - 13 javelins
 O - 3 silver boomerangs
Armour
 t - a +1 cloak
 x - a +2 tower shield of cold resistance
 G - the +1 gold dragon scales of Old and Reckless (worn) {Fly rElec rPois rF+ rC+ rCorr Dex-2}
   (You acquired it on level 11 of the Dungeon)

   Dex:       It affects your dexterity (-2).
   rF:        It protects you from fire.
   rC:        It protects you from cold.
   rElec:     It insulates you from electricity.
   rPois:     It protects you from poison.
   Fly:       It grants you flight.
   rCorr:     It protects you from acid and corrosion.
 Y - a scarf of resistance (worn)
Jewellery
 f - a ring of see invisible (left claw)
 l - a ring of protection from fire
 u - an amulet of reflection
 E - the ring of the Ladybird (right claw) {rF+ Dex+6}
   (You found it on level 2 of the Lair of Beasts)

   [ring of dexterity]

   Dex:       It affects your dexterity (+6).
   rF:        It protects you from fire.
 J - a ring of willpower
 V - a ring of positive energy
 W - the amulet "Woill" (around neck) {RegenMP Will+}
   (You found it on level 14 of the Dungeon)

   [amulet of magic regeneration]

   It increases your rate of magic regeneration.
   Will:      It increases your willpower.
 Z - a +6 ring of strength
Wands
 g - a wand of acid (11)
 p - a wand of iceblast (9)
 S - a wand of charming (8)
 U - a wand of flame (16)
Scrolls
 c - 2 scrolls of fog
 h - 7 scrolls of teleportation
 i - 2 scrolls of enchant armour
 j - 4 scrolls of silence
 k - 6 scrolls of immolation
 y - a scroll of summoning {unknown}
 C - a scroll of torment {unknown}
 I - 2 scrolls of fear
 L - 3 scrolls of magic mapping
Potions
 d - a potion of cancellation
 e - 2 potions of might
 q - a potion of magic
 K - 4 potions of haste
 Q - 3 potions of lignification
 T - 3 potions of resistance
Miscellaneous
 m - a phantom mirror
 H - a phial of floods
 P - a lightning rod (3/4)


   Skills:
 + Level 10.9 Fighting
 - Level 5.8(11.2) Axes
 + Level 10.7(11.4) Maces & Flails
 * Level 11.4(12.0) Polearms
 + Level 11.3 Throwing
 + Level 7.9 Armour
 - Level 8.1 Dodging
 + Level 4.2 Shields
 + Level 7.6 Evocations


You had 15 spell levels left.
You didn't know any spells.
Your spell library contained the following spells:

 Spells                   Type           Power      Damage    Failure   Level
 Animate Skeleton         Necr           0%         N/A       100%        1
 Beastly Appendage        Tmut           0%         N/A       100%        1
 Pain                     Necr           0%         1d4       100%        1
 Slow                     Hex            0%         N/A       100%        1
 Corpse Rot               Necr/Air       0%         N/A       100%        2
 Ensorcelled Hibernation  Hex/Ice        0%         N/A       100%        2
 Poisonous Vapours        Pois/Air       0%         N/A       100%        2
 Wereblood                Tmut           0%         N/A       100%        2
 Confusing Touch          Hex            0%         N/A       100%        3
 Dazzling Flash           Conj/Hex       0%         N/A       100%        3
 Gell's Gravitas          Tloc           0%         N/A       100%        3
 Inner Flame              Hex/Fire       0%         N/A       100%        3
 Lesser Beckoning         Tloc           0%         N/A       100%        3
 Spider Form              Tmut/Pois      0%         N/A       100%        3
 Teleport Other           Tloc           0%         N/A       100%        3
 Tukima's Dance           Hex            0%         N/A       100%        3
 Vampiric Draining        Necr           0%         2d6       100%        3
 Cause Fear               Hex            0%         N/A       100%        4
 Dispel Undead            Necr           0%         3d6       100%        4
 Iskenderun's Mystic Bla  Conj/Tloc      0%         2d3       100%        4
 Fireball                 Conj/Fire      0%         3d3       100%        5
 Death Channel            Necr           0%         N/A       100%        6
 Starburst                Conj/Fire      0%         6d3       100%        6
 Enfeeble                 Hex            0%         N/A       100%        7
 Discord                  Hex            0%         N/A       100%        8
 Ignition                 Fire           0%         3d3       100%        8


Dungeon Overview and Level Annotations

Branches:
Dungeon (15/15)            Temple (1/1) D:7            Lair (6/6) D:8
 Shoals (1/4) Lair:4       Spider (1/4) Lair:3        Slime (0/5) Lair:5
    Orc (2/2) D:12            Elf (0/3) Orc:2        Vaults (0/5) D:14
 Depths (0/4) D:15         Bailey (visited)           IceCv (visited)

Altars:
Ashenzari
Cheibriados
Dithmenos
Elyvilon
Fedhas
Gozag
Hepliaklqana
Kikubaaqudgha
Makhleb
Nemelex Xobeh
Okawaru
Qazlal
Ru
Sif Muna
Trog
Uskayaw
Vehumet
Wu Jian
Xom
Yredelemnul
Zin
The Shining One
Beogh
Jiyva

Shops:
D:3 ?   D:5 *   D:7 [   D:9 (   Orc:2 [*=(

Annotations:
D:10 3 runed translucent doors, croobank's ghost, novice OpCA


Innate Abilities, Weirdness & Mutations

You are too large for most types of armour.
You have claws for hands.
Your natural rate of healing is unusually fast.
You are covered in fur. (AC +1)
You have tough skin. (AC +1)


Message History

The emperor scorpion barely misses you. x2
The emperor scorpion claws you but does no damage.
Press: ? - help, v - describe, . - travel
Here: an emperor scorpion (water, soul bound) Some deep water.
You feel much better.
The emperor scorpion splashes around in the water.
The emperor scorpion claws you but does no damage.
The emperor scorpion splashes around in the water.
Your deep troll goes berserk!
The emperor scorpion stings you.
* * * LOW HITPOINT WARNING * * *
The emperor scorpion claws you but does no damage. x2
Your deep troll bites the emperor scorpion but does no damage.
Your deep troll claws the emperor scorpion.
Your deep troll barely misses the emperor scorpion.
The emperor scorpion stings you!
* * * LOW HITPOINT WARNING * * *
You are lethally poisoned!
The emperor scorpion poisons you! The emperor scorpion barely misses you.
The emperor scorpion claws you but does no damage.
Your deep troll bites the emperor scorpion!!
Your deep troll claws the emperor scorpion!
Your deep troll claws the emperor scorpion.
* * * LOW HITPOINT WARNING * * *
You feel extremely sick.
Your deep troll bites the emperor scorpion!
Your deep troll closely misses the emperor scorpion.
Your deep troll claws the emperor scorpion but does no damage.
Okay, then.
As you read the scroll of fear, it crumbles to dust.
You assume a fearsome visage.
The emperor scorpion looks frightened!
* * * LOW HITPOINT WARNING * * *
You feel extremely sick.
The emperor scorpion's soul is no longer bound.
Your deep troll bites the emperor scorpion but does no damage.
Your deep troll claws the emperor scorpion but does no damage.
Your deep troll's attack snaps the emperor scorpion out of its fear.
Your deep troll claws the emperor scorpion but does no damage.
You die...

#...........####.#.............
##..........###...##............
##..........###....###...........
....................#............
.................................
..##.............................
..###........s>..................
.............T...................
..##.##≈≈≈##..#.@..[.............
#.#####..s#######................
####.#^.>..## #.(........[.....
#^#.#...#.## #................
##.###.###.# ##.##.............
#.## ##.#^####.####..#.........
##^###.###.##..# #...<.....#..
##.#.#.#^###..######......###.
#^###^###.##......##......####


You could see an emperor scorpion (ally target) and a friendly deep troll
(summoned, berserk).

Vanquished Creatures
  An orc warlord (Orc:2)
  An ironbound preserver (D:14)
  Nessos (D:15)
  2 dire elephants
  An ettin (Orc:2)
  A merfolk javelineer (Shoals:1)
  Josephine (D:14)
  4 boulder beetles
  An ice dragon (D:14)
  8 hydras
  3 catoblepae
  An ogre mage (D:15)
  2 death knights (D:14)
  4 two-headed ogres
  7 centaur warriors
  A satyr (Shoals:1)
  A deep troll shaman (Lair:6)
  15 death yaks
  2 orc high priests
  Urug (D:10)
  A pharaoh ant (Spider:1)
  5 skeletal warriors (D:14)
  2 bog bodies (IceCv)
  A sea snake (Shoals:1)
  A phantasmal warrior (D:14)
  A lindwurm (Lair:2)
  10 orc knights
  A wizard (D:14)
  6 deep elf pyromancers
  2 necromancers
  A wolf spider (D:15)
  4 manticores
  13 cyclopes
  An oklob plant (Lair:5)
  5 orc sorcerers
  7 elephants
  2 fauns (Shoals:1)
  A merfolk siren (Shoals:1)
  10 ugly things
  2 ice statues
  20 cane toads
  6 black mambas
  4 torpor snails
  A yaktaur (D:14)
  12 komodo dragons
  2 freezing wraiths (D:14)
  An anaconda simulacrum (IceCv)
  2 kobold demonologists
  2 ice devils
  2 tengu conjurers
  An efreet (D:14)
  4 rime drakes
  2 entropy weaver simulacra (IceCv)
  6 trolls
  A polar bear (shapeshifter) (D:13)
  5 polar bears
  A wind drake (Shoals:1)
  16 blink frogs
  6 merfolk (Shoals:1)
  3 slime creatures
  4 dream sheep (Lair:3)
  2 shadows
  3 jumping spiders (Lair:3)
  9 wraiths
  A vampire (D:13)
  76 yaks
  2 dire elephant simulacra
  9 wyverns
  11 basilisks
  Grum (D:8)
  3 death yak simulacra (IceCv)
  9 vampire mosquitoes
  4 redbacks
  4 acid dragons
  A two-headed ogre zombie (D:12)
  3 wargs
  9 water moccasins
  2 sky beasts
  An ice beast (D:6)
  39 orc warriors
  2 black bears
  5 ogres
  32 wolves
  16 centaurs
  2 phantoms (D:12)
  A kobold brigand (D:8)
  3 two-headed ogre simulacra (IceCv)
  A gnoll sergeant (D:4)
  17 bullfrogs
  2 scorpions
  2 cane toad simulacra (IceCv)
  A wyvern zombie (D:6)
  A wyvern skeleton (D:6)
  15 killer bees
  4 elephant simulacra (IceCv)
  A howler monkey (D:9)
  3 electric eels
  A centaur zombie (D:9)
  4 jellies
  A hound (D:6)
  16 orc priests
  2 bullfrog skeletons (D:7)
  3 gnoll shamans
  2 iguanas
  28 orc wizards
  6 polar bear simulacra
  4 spriggan simulacra (IceCv)
  8 troll simulacra (IceCv)
  4 yak simulacra (D:15)
  6 wolf simulacra
  7 ogre zombies (D:12)
  32 gnolls
  A howler monkey zombie (D:11)
  13 adders
  A naga simulacrum (IceCv)
  17 white imps
  6 ufetubi
  An adder skeleton (D:4)
  A worm (D:5)
  4 dart slugs
  90 orcs
  5 bats
  22 endoplasms
  2 giant cockroaches (D:1)
  13 goblins
  7 hobgoblins
  7 jackals
  14 kobolds
  9 quokkas
  4 ball pythons
  5 frilled lizards
  3 goblin zombies (D:12)
  5 hobgoblin zombies (D:12)
  An orc skeleton (D:12)
  16 orc zombies (D:12)
  3 rats
  2 river rat simulacra (D:15)
908 creatures vanquished.

Vanquished Creatures (collateral kills)
  A slime creature (D:13)
  An orc warlord (Orc:1)
  A hydra (D:14)
  A tengu warrior (D:14)
  3 ugly things (D:14)
  Maurice (Orc:1)
  A torpor snail (Lair:5)
  A centaur simulacrum (D:14)
  5 yaks (Lair:5)
  An orc wizard (Orc:1)
  2 orcs (Orc:1)
18 creatures vanquished.

Vanquished Creatures (others)
  A redback (D:14)
  61 fungi
  102 plants
  14 toadstools (Lair:2)
178 creatures vanquished.

Grand Total: 1104 creatures vanquished

Notes
Turn   | Place    | Note
-------+----------+-------------------------------------------
     0 | D:1      | fragbeetle the Troll Berserker began the quest for the Orb.
     0 | D:1      | Reached XP level 1. HP: 22/22 MP: 0/0
   101 | D:1      | Reached XP level 2. HP: 29/29 MP: 1/1
   389 | D:1      | Reached XP level 3. HP: 31/36 MP: 2/2
   547 | D:1      | Reached ** piety under Trog
   905 | D:2      | Reached XP level 4. HP: 44/44 MP: 3/3
  1119 | D:2      | Found a faded altar of an unknown god.
  1501 | D:3      | Reached XP level 5. HP: 53/53 MP: 4/4
  1712 | D:3      | Found Wiatied's Magic Scroll Boutique.
  1719 | D:3      | Bought a scroll of identify for 24 gold pieces
  1719 | D:3      | Bought a scroll of teleportation for 36 gold pieces
  1736 | D:3      | Reached *** piety under Trog
  2098 | D:3      | Bought a scroll of blinking for 90 gold pieces
  2201 | D:4      | Noticed a sky beast
  2406 | D:4      | Reached XP level 6. HP: 61/61 MP: 5/5
  2477 | D:4      | Reached skill level 1 in Throwing
  2743 | D:4      | Found an ancient bone altar of Kikubaaqudgha.
  2743 | D:4      | Found a white marble altar of Elyvilon.
  2923 | D:4      | Reached skill level 5 in Maces & Flails
  3016 | D:4      | Killed a sky beast
  3270 | D:4      | Found a hazy altar of Hepliaklqana.
  3352 | D:4      | Reached XP level 7. HP: 68/68 MP: 6/6
  3491 | D:5      | Entered Level 5 of the Dungeon
  3813 | D:5      | Identified the +5 trident "Maenous" {spect, Dex+4}
  3890 | D:5      | Found Atusuati's General Store.
  3894 | D:5      | Bought a potion of heal wounds for 60 gold pieces
  4112 | D:5      | Reached XP level 8. HP: 70/79 MP: 7/7
  4332 | D:6      | Reached skill level 1 in Polearms
  4829 | D:7      | Found Sekops's Armour Shoppe.
  4940 | D:7      | Found a staircase to the Ecumenical Temple.
  4955 | Temple   | Entered the Ecumenical Temple
  5259 | D:7      | Reached skill level 5 in Dodging
  5343 | D:7      | Reached skill level 5 in Fighting
  5347 | D:7      | Reached XP level 9. HP: 64/88 MP: 8/8
  5639 | D:8      | Reached **** piety under Trog
  5678 | D:8      | Found a staircase to the Lair.
  5679 | D:8      | Noticed a komodo dragon
  5711 | D:8      | Killed a komodo dragon
  5773 | D:8      | Noticed Grum
  5780 | D:8      | Killed Grum
  5839 | D:8      | Reached skill level 5 in Throwing
  6002 | D:8      | Found a sparkling altar of Nemelex Xobeh.
  6288 | D:8      | Reached XP level 10. HP: 98/98 MP: 9/9
  6531 | Lair:1   | Entered Level 1 of the Lair of Beasts
  6660 | Lair:1   | Noticed a cane toad
  6664 | Lair:1   | Killed a cane toad
  6748 | Lair:1   | Noticed a seven-headed hydra
  6751 | Lair:1   | Noticed a black mamba
  6789 | D:9      | Found a flagged portal.
  6792 | D:9      | Reached ***** piety under Trog
  6838 | Bailey   | Entered a bailey
  6853 | Bailey   | Noticed an orc knight
  6870 | Bailey   | Killed an orc knight
  6871 | Bailey   | Reached skill level 5 in Polearms
  6957 | Bailey   | Noticed an orc knight
  6998 | Bailey   | Killed an orc knight
  7076 | Bailey   | Noticed an orc knight
  7084 | Bailey   | Killed an orc knight
  7085 | Bailey   | Reached XP level 11. HP: 54/107 MP: 10/10
  7176 | Bailey   | Found the +15 Maxwell's patent armour {-Cast -Tele rElec
                  | Will+ rCorr}
  7229 | Bailey   | Found an iron altar of Okawaru.
  7233 | Bailey   | Noticed an orc high priest
  7240 | Bailey   | Killed an orc high priest
  7240 | Bailey   | Received a gift from Trog
  7359 | Bailey   | Noticed an orc knight
  7371 | Bailey   | Killed an orc knight
  7372 | Bailey   | Reached skill level 1 in Evocations
  7580 | D:9      | Found Peumar's Antique Weapon Shop.
  8052 | D:10     | Entered Level 10 of the Dungeon
  8209 | D:10     | Identified the +6 battleaxe of Vengeance {freeze, MP+9}
  8413 | D:10     | Identified the +2 robe "Tarphunt" {rF+ Dex+6}
  8551 | D:10     | Noticed Urug
  8560 | D:10     | Killed Urug
  8701 | D:10     | Found a runed translucent gate.
  8701 | D:10     | Found a runed translucent gate.
  8701 | D:10     | Found a runed translucent gate.
  8702 | D:10     | Noticed a ten-headed hydra
  8703 | D:10     | Noticed croobank's ghost (novice OpCA)
  9370 | D:11     | Found a glowing silver altar of Zin.
  9387 | D:11     | Acquired the +1 gold dragon scales of Old and Reckless {Fly
                  | rElec rPois rF+ rC+ rCorr Dex-2}
  9425 | D:11     | Reached skill level 1 in Axes
  9938 | D:11     | Reached skill level 1 in Armour
 10461 | D:5      | Bought a potion of resistance for 120 gold pieces
 10461 | D:5      | Bought a scroll of identify for 24 gold pieces
 10713 | Lair:1   | Killed a seven-headed hydra
 10860 | Lair:1   | Reached XP level 12. HP: 87/119 MP: 11/11
 11249 | Lair:1   | Received a gift from Trog
 12051 | Lair:2   | Noticed a death yak
 12051 | Lair:2   | Noticed a death yak
 12054 | Lair:2   | Noticed a catoblepas
 12181 | Lair:2   | Noticed a six-headed hydra
 12186 | Lair:2   | Killed a six-headed hydra
 12198 | Lair:2   | Killed a catoblepas
 12342 | Lair:2   | Noticed a death yak
 12393 | Lair:2   | Killed a death yak
 12469 | Lair:2   | Noticed a death yak
 12470 | Lair:2   | Noticed a death yak
 12634 | Lair:3   | Noticed a death yak
 12641 | Lair:3   | You are sucked into a shaft and drop 2 floors!
 12831 | Lair:5   | Reached XP level 13. HP: 66/128 MP: 12/12
 13348 | Lair:3   | Found a hole to the Spider Nest.
 13811 | Lair:2   | Received a gift from Trog
 14116 | Lair:2   | Reached skill level 5 in Axes
 14125 | Lair:2   | Reached skill level 5 in Evocations
 14285 | Lair:2   | Found a runed translucent door.
 14442 | Lair:2   | Identified the ring of the Ladybird {rF+ Dex+6}
 14643 | Lair:3   | Reached skill level 5 in Armour
 15051 | Lair:4   | Found a staircase to the Shoals.
 15674 | Lair:4   | Reached XP level 14. HP: 137/140 MP: 13/13
 15919 | Lair:5   | Found a staircase to the Slime Pits.
 15920 | Lair:5   | Found a viscous altar of Jiyva.
 16955 | D:12     | Found a staircase to the Orcish Mines.
 16966 | D:12     | Received a gift from Trog
 17098 | D:12     | Found a frozen archway.
 17124 | IceCv    | Entered an ice cave
 17563 | IceCv    | Identified the +0 helmet of Midnight {*Corrode Str+8}
 17907 | D:12     | Acquired a +0 spectral giant spiked club
 18412 | Orc:1    | Entered Level 1 of the Orcish Mines
 18428 | Orc:1    | Received a gift from Trog
 18436 | D:12     | Reached ****** piety under Trog
 18822 | Orc:2    | Entered Level 2 of the Orcish Mines
 18945 | Orc:2    | Noticed an orc warlord
 19001 | Orc:1    | Killed an orc warlord
 19203 | Orc:1    | Noticed Maurice
 19213 | Orc:2    | Reached skill level 10 in Throwing
 19302 | Orc:1    | Killed Maurice
 19304 | Orc:1    | Received a gift from Trog
 19816 | Orc:2    | Noticed an orc warlord
 19871 | Orc:2    | Killed an orc warlord
 20045 | Orc:2    | Found a staircase to the Elven Halls.
 20061 | Orc:2    | Found Hamed's Antique Armour Emporium.
 20087 | Orc:2    | Found Qoluidd's Jewellery Emporium.
 20104 | Orc:2    | Found Fafie's General Store.
 20112 | Orc:2    | Bought a wand of iceblast (2) for 90 gold pieces
 20121 | Orc:2    | Found Karavekh's Antique Weapon Emporium.
 20128 | Orc:2    | Bought a transparent demon whip for 380 gold pieces
 20128 | Orc:2    | Identified the +2 demon whip of the Toadstool {flame,
                  | Fragile rPois rC+} (You bought it in a shop on level 2 of
                  | the Orcish Mines)
 20661 | D:13     | Reached skill level 10 in Fighting
 21311 | D:13     | Reached skill level 1 in Shields
 21311 | D:13     | Reached XP level 15. HP: 74/149 MP: 14/14
 21387 | D:14     | You are sucked into a shaft and drop 1 floor!
 21387 | D:15     | Entered Level 15 of the Dungeon
 21684 | D:14     | Identified the +3 giant spiked club "Femouske" {flame, rN+}
                  | (Trog gifted it to you on level 14 of the Dungeon)
 21684 | D:14     | Received a gift from Trog
 21814 | D:14     | Found a gate to the Vaults.
 21828 | D:14     | Reached skill level 10 in Polearms
 22122 | D:14     | Reached skill level 10 in Maces & Flails
 22338 | D:14     | Identified the ring "Plog" {Ice Int+3}
 22456 | D:14     | Identified the amulet "Woill" {RegenMP Will+}
 22720 | D:13     | Received a gift from Trog
 23295 | D:14     | Noticed Josephine
 23311 | D:14     | Killed Josephine
 24102 | D:15     | Noticed Nessos
 24498 | D:15     | Killed Nessos
 24644 | D:15     | Found a staircase to the Depths.
 25517 | Lair:6   | Entered Level 6 of the Lair of Beasts
 25534 | Lair:6   | Reached XP level 16. HP: 140/161 MP: 15/15
 26171 | Lair:6   | Identified the +9 crystal plate armour of the Catamount
                  | {+Blink Str+3}
 27057 | Shoals:1 | Entered Level 1 of the Shoals
 27442 | Shoals:1 | HP: 1/161 [satyr/arrow (30)]
 27678 | Spider:1 | Entered Level 1 of the Spider Nest
 27692 | Lair:3   | HP: 7/161 [emperor scorpion (9)]
 27702 | Lair:3   | HP: 6/161 [poisoned by an emperor scorpion]
 27703 | Lair:3   | Succumbed to an emperor scorpion's poison

Illustrated notes

Levels and vault maps discovered:
D:1:      dpeg_arrival_arbitrary_b, layout_rooms, minmay_door_square,
          moated_statue
D:2:      layout_basic, ebering_ecumenical_altar_sacrificial
D:3:      layout_rooms, serial_shops, shop
D:4:      layout_loops_corners, mainiacjoe_overflow_alcove_4,
          chequers_temple_overflow_statue_of_worship, minmay_misc_feat_iff,
          grunt_ministairs_11
D:5:      layout_loops_cross, serial_shops, kennysheep_mini_moat
D:6:      layout_loops_ring
D:7:      layout_basic, minmay_temple_entry_drinking_statues, serial_shops, shop
D:8:      layout_loops_ring, lemuel_tele_altar, david_lair_shrubbed, uniq_grum
D:9:      layout_rooms, serial_shops, nicolae_diamond_shop, enter_bailey_6
D:10:     layout_basic, serial_corexii_hall, chequers_hall_statues_corner_a,
          corexii_hall_statues_l, gammafunk_ghost_hydra_chop, uniq_urug
D:11:     layout_loops_corners, zin_treasury
D:12:     layout_loops_ring, zombieorc2_lemuel, portal_ice_cave_entry_imps,
          grunt_ministairs_3
D:13:     layout_basic, serial_corexii_hall, corexii_hall_statues_x,
          corexii_hall_statues_i
D:14:     minmay_the_grid_triangle_9x9_rhombus_full
          [minmay_the_grid_triangle_9x9_checkered,
          minmay_the_grid_triangle_9x9_zippers_horizontal,
          minmay_the_grid_triangle_9x9_dagger,
          minmay_the_grid_triangle_9x9_minimal,
          minmay_the_grid_triangle_9x9_corruption,
          minmay_the_grid_triangle_9x9_sparse_checkered,
          minmay_the_grid_triangle_9x9_warning,
          minmay_the_grid_triangle_9x9_prize_center], layout_long_grid,
          skrybe_vaults_entry_preservation, uniq_josephine
D:15:     hangedman_depths_entry_try_elsewhere_first, layout_basic,
          hangedman_abyss_or_decor_passed, eino_house_with_fridge, uniq_nessos
Temple:   compressed_dpeg_circular_temple
Lair:1:   dreamdust_isle_of_ice, layout_loops_ring, serial_bayou_shore_b
Lair:2:   gammafunk_lair_enchanted_lake, layout_chaotic_city,
          grunt_megastairs_5, uniq_erica
Lair:3:   layout_hall_layers, nicolae_spider_entry_tight_spaces,
          fungi_pond_lemuel, minivault_19
Lair:4:   layout_cellular_growth, shoals_dummy_entry, serial_bayou_pond_b
Lair:5:   lemuel_slime, layout_small_grid, slime_altar_1,
          chequers_serial_rivers_small_3, lemuel_fruit_fields
Lair:6:   grunt_lair_end_beastmaster, layout_gridlike
Shoals:1: layout_shoals, ebering_ghost_reflecting_pool, st_cyclops, uniq_kirke,
          uniq_louise, uniq_aizul
Spider:1: nicolae_spider_hilbert_zone_4 [nicolae_spider_hilbert_4_sides_2_open,
          nicolae_spider_hilbert_4_sides_1_open,
          nicolae_spider_hilbert_4_sides_1_open,
          nicolae_spider_hilbert_4_sides_1_open,
          nicolae_spider_hilbert_4_sides_1_open,
          nicolae_spider_hilbert_2_sides_1_open,
          nicolae_spider_hilbert_2_sides_1_open,
          nicolae_spider_hilbert_2_sides_1_open,
          nicolae_spider_hilbert_2_sides_1_open,
          nicolae_spider_hilbert_6_sides_1_open,
          nicolae_spider_hilbert_6_sides_1_open,
          nicolae_spider_hilbert_3_sides_1_open,
          nicolae_spider_hilbert_3_sides_1_open], uniq_roxanne
Orc:1:    layout_caves, hellmonk_bongcloud_opening, uniq_maurice
Orc:2:    grunt_orc_cross, layout_caves, nicolae_orc_bridge_out

Skill      XL: |  1  2  3  4  5  6  7  8  9 10 11 12 13 14 15 16 |
---------------+-------------------------------------------------+-----
Maces & Flails | 3 4 5 6 7 8 9 10 | 10.7
Dodging        | 3 4 5 6 7 8 |  8.1
Fighting       | 3 4 5 6 7 8 9 10 | 10.9
Throwing       | 1 2 4 5 6 7 8 9 10 11 | 11.3
Polearms       | 2 4 5 6 7 8 9 10 11 | 11.4
Evocations     | 2 4 5 6 7 |  7.6
Axes           | 2 4 5 |  5.8
Armour         | 1 3 5 6 7 |  7.9
Shields        | 1 3 4 |  4.2

Action                   |  1- 3 |  4- 6 |  7- 9 | 10-12 | 13-15 | 16-18 || total
-------------------------+-------+-------+-------+-------+-------+-------++-------
Melee: Mace              |   132 |       |       |       |       |       ||   132
       Whip              |     5 |   183 |       |       |       |       ||   188
       Flail             |       |    47 |    37 |       |       |       ||    84
       Trident           |       |       |   125 |   379 |  1184 |   229 ||  1917
       Battleaxe         |       |       |       |   120 |       |       ||   120
       Giant club        |       |       |       |       |       |     5 ||     5
Throw: Stone             |     5 |     5 |     6 |       |       |       ||    16
       Dart              |       |       |    59 |    44 |    26 |       ||   129
       Large rock        |       |       |       |     2 |    12 |    10 ||    24
       Boomerang         |       |       |       |       |   280 |    56 ||   336
Invok: Berserk           |     1 |    10 |     1 |    10 |     4 |       ||    26
       Brothers in Arms  |       |       |       |     3 |     5 |     1 ||     9
       Trog's Hand       |       |       |       |       |     3 |     1 ||     4
Evoke: Wand              |       |       |       |     7 |     2 |     2 ||    11
       Lightning rod     |       |       |       |       |     1 |     4 ||     5
  Use: Scroll            |       |     4 |     2 |    12 |    15 |     5 ||    38
       Potion            |       |       |       |     6 |     3 |     3 ||    12
 Stab: Sleeping          |     1 |       |       |       |       |       ||     1
       Distracted        |       |       |     1 |     4 |    18 |     3 ||    26
       Petrified         |       |       |       |       |       |    16 ||    16
       Petrifying        |       |       |       |       |       |     2 ||     2
Armor: Animal skin       |    54 |    56 |    25 |    25 |       |       ||   160
       Gold dragon scale |       |       |       |   318 |   461 |   108 ||   887
       Robe              |       |       |       |     3 |       |       ||     3
Dodge: Dodged            |    98 |   116 |    69 |   204 |   212 |    39 ||   738
Block: Other             |       |       |       |       |    54 |       ||    54
       Reflection        |       |       |       |       |     8 |       ||     8

Table legend: (Time is in decaauts)
 A = Elapsed time spent in this place.
 B = Non-inter-level travel time spent in this place.
 C = Inter-level travel time spent in this place.
 D = Time resting spent in this place.
 E = Time spent auto-exploring this place.
 F = Levels seen in this place.
 G = Mean time per level.
                   A        B        C        D        E       F      G
               +--------+--------+--------+--------+--------+-----+--------+
         Total |  27738 |  25967 |   1771 |   3339 |   6271 |  28 |  990.6 |
       Dungeon |  16028 |  14808 |   1220 |   1919 |   5007 |  15 | 1068.5 |
        Temple |     99 |     99 |      0 |      0 |     55 |   1 |   99.0 |
          Lair |   7698 |   7200 |    498 |    919 |    996 |   6 | 1283.0 |
        Shoals |    500 |    500 |      0 |    251 |      0 |   1 |  500.0 |
   Spider Nest |     11 |     11 |      0 |      0 |      0 |   1 |   11.0 |
  Orcish Mines |   2034 |   1984 |     50 |    104 |     72 |   2 | 1017.0 |
        Bailey |    736 |    736 |      0 |    108 |     90 |   1 |  736.0 |
      Ice Cave |    629 |    629 |      0 |     36 |     51 |   1 |  629.0 |
               +--------+--------+--------+--------+--------+-----+--------+

Top non-repeatable levels by time:
    D:14: 1967 daAuts
  Lair:1: 1933 daAuts
    D:15: 1574 daAuts
   Orc:2: 1457 daAuts
    D:10: 1437 daAuts
  Lair:2: 1383 daAuts
     D:8: 1344 daAuts
  Lair:4: 1205 daAuts
     D:4: 1185 daAuts
    D:11: 1135 daAuts
    D:12: 1133 daAuts
  Lair:6: 1109 daAuts
  Lair:5: 1088 daAuts
  Lair:3: 978 daAuts
     D:3: 963 daAuts
